 Dungeon Sprint DCSS version 0.17-a0-1262-gd250d98 (webtiles) character file.

19959 Kidiri the Imperceptible (level 12, -8/67 HPs)
             Began as a Spriggan Assassin on June 6, 2015.
             Was a High Priest of Dithmenos.
             Mangled by Kirke (10 damage)
             ... in the Dungeon (Sprint II: "The Violet Keep of Menkaure").
             The game lasted 00:23:48 (3812 turns).

Kidiri the Imperceptible (Spriggan Assassin)        Turns: 3812, Time: 00:23:48

Health: -8/67      AC:  3    Str:  7      XL:     12   Next: 41%
Magic:  21/23      EV: 37    Int: 15      God:    Dithmenos [*****.]
Gold:   914        SH:  0    Dex: 21 (22) Spells: 0 memorised, 11 levels left

rFire  . . .     SeeInvis +     a - +2 dagger
rCold  . . .     Clarity  .     c - +0 robe
rNeg   . . .     SustAt   .     (shield restricted)
rPois  .         Gourm    .     (helmet restricted)
rElec  +         Spirit   .     d - +1 cloak
rCorr  .         Warding  .     (gloves unavailable)
rMut   .         NoTele   +     (boots unavailable)
MR     +++..                    (no amulet)
Stlth  ++++++++++               p - ring of invisibility
                                E - ring "Astryjau" {+Fly Int+2}

@: very slightly contaminated, hasted, wreathed by umbra, invisible, very quick,
extremely resistant to hostile enchantments, uncannily stealthy
A: unfitting armour, horns 1, see invisible, deformed body, deterioration 1,
herbivore 3, speed 3, high mp 1, magic resistance 1, electricity resistance,
slow metabolism 2
a: Shadow Step, Shadow Form, Renounce Religion, Turn Visible, Evoke Flight


You were in the Dungeon.
You worshipped Dithmenos.
Dithmenos was extremely pleased with you.
You were very hungry.

You visited 1 branch You collected 2469 gold pieces.
You spent 1555 gold pieces at shops.

Inventory:

Hand weapons
 a - a +2 dagger (weapon)
 b - a +0 blowgun
 r - a +0 arbalest
Missiles
 e - 32 poisoned needles
 f - 6 curare-tipped needles
 q - 2 needles of paralysis
 s - 27 bolts
 D - a throwing net (quivered)
Armour
 c - a +0 robe (worn)
 d - a +1 cloak (worn)
Jewellery
 o - a +4 ring of dexterity
 p - a ring of invisibility (right hand)
 B - an uncursed ring of poison resistance
 E - the ring "Astryjau" (left hand) {+Fly Int+2}
   (You bought it in a shop in the Dungeon)

   [ring of flight]

   It affects your intelligence (+2).
   It lets you fly.
Scrolls
 m - 2 scrolls of blinking
 n - a scroll of torment
 y - a scroll of recharging
 G - a scroll of remove curse
 I - a scroll of random uselessness {unknown}
 K - a scroll of immolation {unknown}
Potions
 g - 2 potions of might
 h - 2 potions of curing
 k - 5 potions of magic
 l - a potion of berserk rage
 u - 3 potions of resistance
 v - 6 potions of flight
 w - 2 potions of degeneration {unknown}
 z - a potion of cancellation {unknown}
 A - 2 potions of lignification {unknown}
 C - 2 potions of brilliance {unknown}
Comestibles
 t - 4 fruits
 x - a slice of pizza
 F - 4 bread rations


   Skills:
 + Level 9.5 Fighting
 * Level 16.3 Short Blades
 + Level 12.1 Throwing
 * Level 20.1 Dodging
 * Level 22.0 Stealth
 + Level 6.7 Invocations
 + Level 11.3 Evocations


You had 11 spell levels left.
You didn't know any spells.

Dungeon Overview and Level Annotations

Branches:
Dungeon (1/1)

Altars:
Cheibriados
Dithmenos
Elyvilon
Fedhas
Gozag
Kikubaaqudgha
Makhleb
Nemelex Xobeh
Okawaru
Qazlal
Ru
Sif Muna
Trog
Vehumet
Xom
Yredelemnul
Zin
The Shining One
Beogh
Jiyva
Lugonu

Shops:
D }!:(:=[%!=%[?(?[

Annotations:
D exclusion: oklob plant, Kirke, Roxanne


Innate Abilities, Weirdness & Mutations

You are tiny and cannot use many weapons and most armour.
You have supernaturally acute eyesight.
You are a herbivore.
You cover ground extremely quickly.
You need consume almost no food.
You have a pair of small horns on your head.
Armour fits poorly on your strangely shaped body.
Your body sometimes deteriorates upon taking damage.
You have an increased reservoir of magic (+10% MP).
You are resistant to hostile enchantments.
You are resistant to electric shocks.


Message History

Your shadow hits Kirke but does no damage.
Kirke completely misses you.
You hit Kirke.
Kirke is almost dead.
Your shadow closely misses Kirke.
The manticore bites you!!
* * * LOW HITPOINT WARNING * * *
You emit a cloud of dark smoke.
The manticore closely misses you. The manticore completely misses you.
You hit Kirke.
Kirke is almost dead.
Unknown command.
Use which ability? (? or * to list)
You fail to use your ability.
Kirke closely misses you. The manticore completely misses you. x2
The manticore misses you.
Use which ability? (? or * to list)
You fade into invisibility!
You are feeling very hungry.
Kirke hits you!
You die...

# §≈S≈≈≈##≈...### #...▓▓▓▓▓▓▓▓▓
## §§§≈ e≈.....###.§.▓≈§≈≈§≈≈§
≈#+++#+++#####....#%##§}▓▓▓▓▓▓▓▓▓
≈@........#..'.^.^#..#|"▓......[.
≈H2##+##..#%%####.#%.#§§▓).((..(.
≈≈#D.#.##.####..+.##.#":▓..[.(.[.
≈≈#..#..# ...#.[#.^.####▓...[(..(
####...####..#####.^##.#▓.(.....[
#.###'.##.##..#§@+..#%.#▓....[%..
...##.#.#..#..#H@#^^#..#▓).[.%...
.#)'.<.'.#.'..####..##.#▓..[.)[..
...##.##...#....###.^.##▓▓▓▓▓▓▓+▓
#.###'###.##......≈≈≈≈≈≈≈≈≈≈≈≈≈..
####...####≈≈.....≈#'########§###
≈≈#..#..#≈≈≈≈≈≈≈..≈#........#§§§#
#≈##.#.##≈≈≈≈≈§≈≈≈≈#._.⌠....#§§≈≈
#≈≈##'##≈≈≈§§≈§§≈≈≈#_._._...#§§≈§


You could see Kirke and a manticore.

Vanquished Creatures
  A hellephant (D)
  A deep elf blademaster (D)
  2 krakens (D)
  A draconian shifter (D)
  A crystal guardian (D)
  A yaktaur captain (D)
  A centaur warrior (D)
  An iron elemental (D)
  Sonja (D)
  2 death drakes (D)
  2 deep trolls (D)
  A harpy (D)
  A giant orange brain (D)
  A siren (D)
  An eye of devastation (D)
  A kobold demonologist (D)
  A yaktaur (D)
  3 polar bears (D)
  2 boulder beetles (D)
  A blink frog (D)
  6 flying skulls (D)
  3 yaks (D)
  3 soldier ants (D)
  A wasp (D)
  2 swamp drakes (D)
  4 necrophages (D)
  4 crocodiles (D)
  4 brain worms (D)
53 creatures vanquished.

Vanquished Creatures (others)
  A great orb of eyes (D)
  A deep elf high priest (D)
  An elephant (D)
  Menkaure (D)
  16 tentacles (D)
  12 tentacle segments (D)
32 creatures vanquished.

Grand Total: 85 creatures vanquished

Notes
Turn   | Place    | Note
--------------------------------------------------------------
     0 | D        | Kidiri the Spriggan Assassin began the quest for the Orb.
     0 | D        | Reached XP level 1. HP: 10/10 MP: 2/2
     1 | D        | Noticed a siren
    16 | D        | Killed a siren
    16 | D        | Reached skill level 7 in Short Blades
    16 | D        | Reached skill level 5 in Throwing
    16 | D        | Reached skill level 9 in Dodging
    16 | D        | Reached skill level 11 in Stealth
    16 | D        | Reached XP level 2. HP: 13/17 MP: 3/3
    16 | D        | Reached XP level 3. HP: 16/21 MP: 4/4
    16 | D        | Reached XP level 4. HP: 19/25 MP: 5/5
    16 | D        | Reached XP level 5. HP: 22/29 MP: 6/6
    16 | D        | Reached XP level 6. HP: 25/33 MP: 7/7
    99 | D        | Killed Menkaure
   192 | D        | Noticed a necrophage
   192 | D        | Noticed a necrophage
   192 | D        | Noticed a necrophage
   192 | D        | Noticed a necrophage
   207 | D        | Killed a necrophage
   207 | D        | Reached skill level 10 in Dodging
   207 | D        | Reached skill level 12 in Stealth
   227 | D        | Killed a necrophage
   227 | D        | Reached XP level 7. HP: 11/34 MP: 8/8
   248 | D        | Killed a necrophage
   257 | D        | Killed a necrophage
   257 | D        | Reached skill level 5 in Fighting
   257 | D        | Reached skill level 13 in Stealth
   727 | D        | Noticed a brain worm
   730 | D        | Killed a brain worm
   731 | D        | Noticed a brain worm
   732 | D        | Killed a brain worm
   733 | D        | Noticed a brain worm
   733 | D        | Noticed a brain worm
   736 | D        | Killed a brain worm
   738 | D        | Killed a brain worm
   755 | D        | Noticed a boulder beetle
   755 | D        | Noticed a boulder beetle
   758 | D        | Killed a boulder beetle
   758 | D        | Reached skill level 10 in Short Blades
   758 | D        | Reached skill level 14 in Stealth
   758 | D        | Reached XP level 8. HP: 40/40 MP: 9/9
   761 | D        | Killed a boulder beetle
   767 | D        | Noticed a lava snake
   768 | D        | Noticed a lava snake
   769 | D        | Noticed a lava snake
   769 | D        | Noticed a kraken
   785 | D        | Noticed a kraken
   799 | D        | Noticed an ice statue
   806 | D        | Found Juc Udoi's Antique Armour Shop.
   806 | D        | Found Fynu's Weapon Shop.
   808 | D        | Found Xuefalao's Jewellery Boutique.
   808 | D        | Found Jooduiz's Food Boutique.
   809 | D        | Found Duveinorch's Distillery.
   809 | D        | Found Gapyt's Antique Armour Shop.
   809 | D        | Found Kaush's Food Shop.
   810 | D        | Noticed a blink frog
   812 | D        | Killed a blink frog
   812 | D        | Reached skill level 15 in Stealth
   817 | D        | Found Kiuzeuqe's Armour Shop.
   817 | D        | Found Peah's Magic Scroll Boutique.
   817 | D        | Found Roej's Jewellery Boutique.
   818 | D        | Found Siefimni's Magic Scroll Boutique.
   818 | D        | Noticed an ice dragon
   822 | D        | Found Poecazug's Book Boutique.
   822 | D        | Found Atoem's Antique Weapon Shop.
   822 | D        | Noticed an oklob plant
   823 | D        | Found Nypaom's Distillery.
   823 | D        | Found Ohanuinu's Book Shoppe.
   823 | D        | Found Ashrucydgh's Gadget Boutique.
   825 | D        | Noticed a black bear
   825 | D        | Noticed a black bear
   826 | D        | Noticed a black bear
   829 | D        | Noticed an unseen horror
   844 | D        | Bought a +4 ring of dexterity for 378 gold pieces
   844 | D        | Bought an uncursed ring of invisibility for 420 gold pieces
   864 | D        | Bought 3 needles of paralysis for 21 gold pieces
   900 | D        | Noticed Kirke
   900 | D        | Noticed a kobold demonologist
   900 | D        | Noticed a yaktaur captain
   912 | D        | Killed a kraken
   912 | D        | Reached skill level 15 in Dodging
   912 | D        | Reached skill level 16 in Stealth
   912 | D        | Reached XP level 9. HP: 43/45 MP: 8/13
   960 | D        | Found an iron altar of Okawaru.
   960 | D        | Found a basalt altar of Yredelemnul.
   961 | D        | Found a roughly hewn altar of Beogh.
   961 | D        | Found a white marble altar of Elyvilon.
   962 | D        | Found a blossoming altar of Fedhas.
   962 | D        | Found a snail-covered altar of Cheibriados.
   963 | D        | Found a viscous altar of Jiyva.
   963 | D        | Found a glowing silver altar of Zin.
   963 | D        | Found a burning altar of Makhleb.
   964 | D        | Found a sparkling altar of Nemelex Xobeh.
   965 | D        | Found a glowing golden altar of the Shining One.
   965 | D        | Found a corrupted altar of Lugonu.
   965 | D        | Found a deep blue altar of Sif Muna.
   965 | D        | Found a sacrificial altar of Ru.
   968 | D        | HP: 2/45 [kraken (43)]
  1393 | D        | Killed a kraken
  1393 | D        | Reached skill level 17 in Stealth
  1393 | D        | Reached XP level 10. HP: 38/51 MP: 12/15
  1480 | D        | Found a radiant altar of Vehumet.
  1480 | D        | Found a bloodstained altar of Trog.
  1481 | D        | Found an opulent altar of Gozag.
  1481 | D        | Noticed a swamp drake
  1483 | D        | Noticed a yaktaur
  1483 | D        | Noticed a wasp
  1483 | D        | Noticed a polar bear
  1484 | D        | Noticed a polar bear
  1484 | D        | Noticed a polar bear
  1485 | D        | Killed a polar bear
  1485 | D        | Reached skill level 18 in Stealth
  1487 | D        | Killed a wasp
  1489 | D        | Killed a yaktaur
  1490 | D        | Killed a polar bear
  1492 | D        | Killed a polar bear
  1508 | D        | Found an ancient bone altar of Kikubaaqudgha.
  1509 | D        | Noticed a crocodile
  1514 | D        | Noticed a crocodile
  1727 | D        | Noticed a crocodile
  1755 | D        | Killed a crocodile
  1767 | D        | Found a shimmering altar of Xom.
  1768 | D        | Found a stormy altar of Qazlal.
  1768 | D        | Found a shadowy altar of Dithmenos.
  1782 | D        | Noticed a flying skull
  1782 | D        | Noticed a flying skull
  1786 | D        | Became a worshipper of Dithmenos the Shadowed
  1893 | D        | Killed a crocodile
  1923 | D        | Killed a crocodile
  1940 | D        | Noticed a flying skull
  1950 | D        | Noticed Roxanne
  2105 | D        | Noticed a sixfirhy
  2117 | D        | Noticed a flying skull
  2126 | D        | Noticed a crocodile
  2128 | D        | Killed a crocodile
  2219 | D        | Noticed a death drake
  2224 | D        | Noticed a death drake
  2224 | D        | Noticed a crystal guardian
  2224 | D        | Noticed a swamp drake
  2225 | D        | Killed a swamp drake
  2227 | D        | Killed a crystal guardian
  2227 | D        | Reached skill level 10 in Throwing
  2227 | D        | Reached skill level 1 in Invocations
  2228 | D        | Killed a death drake
  2228 | D        | Reached skill level 19 in Stealth
  2230 | D        | Killed a death drake
  2230 | D        | Acquired Dithmenos's first power
  2230 | D        | Reached XP level 11. HP: 56/56 MP: 15/18
  2231 | D        | Killed a swamp drake
  2249 | D        | Noticed a soldier ant
  2249 | D        | Noticed a soldier ant
  2249 | D        | Noticed a soldier ant
  2251 | D        | Killed a soldier ant
  2253 | D        | Killed a soldier ant
  2254 | D        | Killed a soldier ant
  2254 | D        | Acquired Dithmenos's second power
  2270 | D        | Noticed an iron elemental
  2273 | D        | Killed an iron elemental
  2284 | D        | Noticed a deep elf master archer
  2287 | D        | Noticed a yak
  2287 | D        | Noticed a yak
  2287 | D        | Noticed a yak
  2289 | D        | Killed a yak
  2291 | D        | Killed a yak
  2292 | D        | Killed a yak
  2359 | D        | Bought the ring "Astryjau" {+Fly Int+2} for 401 gold pieces
  2365 | D        | Bought a bread ration for 65 gold pieces
  2365 | D        | Bought a bread ration for 65 gold pieces
  2365 | D        | Bought a bread ration for 65 gold pieces
  2377 | D        | Bought a potion of mutation for 35 gold pieces
  2377 | D        | Gained mutation: Armour fits poorly on your strangely shaped body. [potion of mutation]
  2377 | D        | Gained mutation: You are resistant to electric shocks. [potion of mutation]
  2377 | D        | Gained mutation: Your mind is acute. (Int +2) [potion of mutation]
  2447 | D        | Noticed Sonja
  2447 | D        | Noticed a hellephant
  2448 | D        | Noticed a giant orange brain
  2448 | D        | Noticed a black draconian shifter
  2449 | D        | Killed a black draconian shifter
  2449 | D        | Reached skill level 20 in Stealth
  2451 | D        | Killed a hellephant
  2451 | D        | Acquired Dithmenos's third power
  2451 | D        | Reached skill level 15 in Short Blades
  2452 | D        | Killed Sonja
  2452 | D        | Reached skill level 5 in Invocations
  2478 | D        | Killed a giant orange brain
  2478 | D        | Reached skill level 10 in Evocations
  2613 | D        | Noticed a flying skull
  2620 | D        | Killed a flying skull
  2623 | D        | Killed a flying skull
  2630 | D        | Noticed an eye of devastation
  2633 | D        | Noticed a deep elf blademaster
  2633 | D        | Noticed a harpy
  2635 | D        | Killed an eye of devastation
  2637 | D        | Killed a deep elf blademaster
  2637 | D        | Acquired Dithmenos's fourth power
  2637 | D        | Reached skill level 21 in Stealth
  2637 | D        | Reached XP level 12. HP: 59/62 MP: 15/20
  2638 | D        | Noticed a flying skull
  2640 | D        | Killed a harpy
  2669 | D        | Killed a flying skull
  2670 | D        | Killed a flying skull
  2685 | D        | Killed a flying skull
  2951 | D        | Killed a flying skull
  3057 | D        | Noticed an orange crystal statue
  3253 | D        | Noticed a deep troll
  3254 | D        | Noticed a deep troll
  3255 | D        | Killed a deep troll
  3257 | D        | Killed a deep troll
  3367 | D        | Bought a potion of mutation for 35 gold pieces
  3367 | D        | Bought 2 potions of mutation for 70 gold pieces
  3367 | D        | Gained mutation: You have an increased reservoir of magic (+10% MP). [potion of mutation]
  3367 | D        | Gained mutation: You have a pair of small horns on your head. [potion of mutation]
  3368 | D        | Lost mutation: Your mind is acute. (Int +2) [potion of mutation]
  3368 | D        | Gained mutation: Your flesh is cold resistant. [potion of mutation]
  3368 | D        | Gained mutation: You are resistant to hostile enchantments. [potion of mutation]
  3369 | D        | Gained mutation: Your body sometimes deteriorates upon taking damage. [potion of mutation]
  3369 | D        | Lost mutation: Your body sometimes deteriorates upon taking damage. [potion of mutation]
  3369 | D        | Gained mutation: Your body sometimes deteriorates upon taking damage. [potion of mutation]
  3411 | D        | Noticed an elephant
  3411 | D        | Noticed a centaur warrior
  3411 | D        | Noticed a cacodemon
  3411 | D        | Noticed a skeletal warrior
  3412 | D        | Noticed a bone dragon
  3412 | D        | Noticed a golden dragon
  3413 | D        | Noticed a deep elf high priest
  3413 | D        | Killed a kobold demonologist
  3414 | D        | Noticed a storm dragon
  3417 | D        | Noticed a frost giant
  3417 | D        | Killed a yaktaur captain
  3418 | D        | Noticed a great orb of eyes
  3424 | D        | Killed a centaur warrior
  3424 | D        | Reached skill level 22 in Stealth
  3428 | D        | Lost mutation: Your flesh is cold resistant. [a cacodemon]
  3439 | D        | Noticed a sphinx
  3542 | D        | Killed an elephant
  3686 | D        | Killed a deep elf high priest
  3726 | D        | Killed a great orb of eyes
  3809 | D        | HP: 2/67 [manticore[Kirke] (25)]
  3812 | D        | Mangled by Kirke

Vault maps used:
D:        the_violet_keep_of_menkaure

Action                   |  1- 3 |  4- 6 |  7- 9 | 10-12 || total
-------------------------+-------+-------+-------+-------++-------
Melee: Dagger            |     8 |    32 |    66 |   216 ||   322
 Fire: Blowgun           |     3 |       |       |     1 ||     4
       Arbalest          |       |       |       |     6 ||     6
Invok: Shadow Step       |       |       |       |     3 ||     3
 Abil: Evoke Invisibilit |       |       |     3 |    11 ||    14
       Evoke Flight      |       |       |       |     3 ||     3
  Use: Scroll            |       |       |       |     9 ||     9
       Potion            |       |       |       |     8 ||     8
 Stab: Sleeping          |       |       |     8 |    26 ||    34
       Invisible         |       |       |     8 |    12 ||    20
  Eat: Bread ration      |       |       |       |     1 ||     1
       Pizza             |       |       |       |     1 ||     1
